 Dungeon Crawl Stone Soup version 0.26.0-16-gc1dbca0489 (webtiles) character file.

Game seed: 14294534999726053610

5 EnegeticOcto the Sneak (level 1, -1/11 HPs)
             Began as a Kobold Air Elementalist on Jan 20, 2021.
             Slain by a jackal (2 damage)
             ... on level 1 of the Dungeon.
             The game lasted 00:01:03 (478 turns).

EnegeticOcto the Sneak (Kobold Air Elementalist)     Turns: 478, Time: 00:01:04

Health: -1/11      AC:  2    Str:  5    XL:     1   Next: 88%
Magic:  0/3        EV: 15    Int: 16    God:
Gold:   0          SH:  5    Dex: 15    Spells: 3/4 levels left

rFire    . . .     SeeInvis .   (weapon restricted)
rCold    . . .     Faith    .   (shield restricted)
rNeg     . . .     Spirit   .   a - +0 robe
rPois    .         Reflect  +   (no helmet)
rElec    .         Harm     .   (no cloak)
rCorr    .         Rampage  .   (no gloves)
Will     .....                  (no boots)
Stlth    +++.......             c - amulet of reflection
HPRegen  0.03/turn              (no ring)
MPRegen  0.08/turn              (no ring)

@: very slightly contaminated
A: small, nightstalker 3
a: no special abilities


You were on level 1 of the Dungeon.
You visited 1 branch of the dungeon, and saw 1 of its levels.

Inventory:

Armour
 a - a +0 robe (worn)
Jewellery
 c - an amulet of reflection (around neck)
   (You found it on level 1 of the Dungeon)
Scrolls
 b - a scroll of identify {unknown}
Potions
 d - a potion of might {unknown}


   Skills:
 + Level 0.9 Fighting
 - Level 2.4 Dodging
 + Level 3.1 Stealth
 - Level 2.1 Spellcasting
 - Level 1.0 Conjurations
 - Level 3.0 Air Magic


You had 3 spell levels left.
You knew the following spells:

 Your Spells              Type           Power        Failure   Level
a - Shock                 Conj/Air       32%          9%          1

Your spell library contained the following spells:

 Spells                   Type           Power        Failure   Level
 Swiftness                Air            11%          9%          2
 Static Discharge         Conj/Air       8%           26%         3
 Airstrike                Air            5%           52%         4
 Lightning Bolt           Conj/Air       4%           94%         5


Dungeon Overview and Level Annotations

Branches:
Dungeon (1/15)

Altars:


Innate Abilities, Weirdness & Mutations

You are small and have problems with some larger weapons.
You are completely attuned to the shadows.


Message History

Found 30 arrows.
There is an open door here.
You see here 30 arrows. 2 jackals and a kobold come into view.
The jackal barks!
You hear a bark!
The jackal barks!
A bat comes into view.
You block the bat's attack.
The jackal moves out of view.
A jackal comes into view.
The jackal barely misses you.
Casting: Shock (safe; 9% risk of failure)
Confirm with . or Enter, or press ? or * to list all spells.
Aiming: Shock (safe; 9% risk of failure)
Press: ? - help, Shift-Dir - straight line, f - jackal
Aim: a jackal (40% to evade)
The zap hits the jackal.
The jackal is heavily wounded.
The zap hits the bat.
The bat is moderately wounded.
The zap hits the jackal.
The jackal is heavily wounded.
The jackal bites you.
Casting: Shock (safe; 9% risk of failure)
Confirm with . or Enter, or press ? or * to list all spells.
Aiming: Shock (safe; 9% risk of failure)
Press: ? - help, Shift-Dir - straight line, f/p - jackal
Aim: a jackal (heavily wounded, 40% to evade)
The zap misses the jackal.
The zap misses the bat.
The zap hits the jackal.
The jackal is almost dead.
The jackal bites you. x2
Casting: Shock (safe; 9% risk of failure)
Confirm with . or Enter, or press ? or * to list all spells.
Aiming: Shock (safe; 9% risk of failure)
Press: ? - help, Shift-Dir - straight line, f/p - jackal
Aim: a jackal (moderately wounded, 40% to evade)
The zap hits the jackal.
The jackal is heavily wounded.
The zap hits the bat.
You kill the bat!
The zap hits the jackal.
You kill the jackal!
The jackal closely misses you. You block the jackal's attack.
You block the jackal's attack.
You see here 30 arrows.
The jackal misses you. You block the jackal's attack.
There is an open door here.
There is an escape hatch in the floor here.
Casting: Shock (safe; 9% risk of failure)
Confirm with . or Enter, or press ? or * to list all spells.
Aiming: Shock (safe; 9% risk of failure)
Press: ? - help, Shift-Dir - straight line, p - jackal The zap misses the jackal. x2; You block the jackal's attack.
You hit the jackal.
The jackal is severely wounded.
The jackal misses you. The jackal barely misses you.
You closely miss the jackal.
The jackal is severely wounded.
The jackal misses you.
You barely miss the jackal.
The jackal is severely wounded.
The jackal bites you. The jackal barely misses you.
You hit the jackal.
The jackal is almost dead.
The jackal misses you.
You barely miss the jackal.
The jackal is almost dead.
The jackal barely misses you.
You hit the jackal but do no damage.
The jackal is severely wounded.
The jackal barely misses you. The jackal completely misses you.
You hit the jackal but do no damage.
The jackal is severely wounded.
The jackal bites you.
You barely miss the jackal.
The jackal is heavily wounded.
The jackal closely misses you. The jackal bites you.
You barely miss the jackal.
The jackal is heavily wounded.
The jackal bites you.
* * * LOW HITPOINT WARNING * * *
You barely miss the jackal.
The jackal is heavily wounded.
The jackal bites you.
* * * LOW HITPOINT WARNING * * *
You barely miss the jackal.
The jackal is heavily wounded.
The jackal bites you but does no damage.
The jackal barely misses you.
Casting: Shock (safe; 9% risk of failure)
Confirm with . or Enter, or press ? or * to list all spells.
Aiming: Shock (safe; 9% risk of failure)
Press: ? - help, Shift-Dir - straight line You miscast Shock.
You are very lightly contaminated with residual magic.
Nothing appears to happen.
The jackal barely misses you.
You barely miss the jackal.
The jackal is heavily wounded.
The jackal misses you. The jackal bites you.
You die...

#######
#.....###############.
......h...(......††...
.....@######.#######..
......# #.# ..
......## #.# K.
#####..#####.# ..
#........##+#
#......... #.........
#.........
#######.........


You could see a jackal.

Vanquished Creatures
  A hobgoblin (D:1)
  A jackal (D:1)
  3 bats (D:1)
  A rat (D:1)
6 creatures vanquished.

Notes
Turn   | Place    | Note
-------+----------+-------------------------------------------
     0 | D:1      | EnegeticOcto the Kobold Air Elementalist began the quest
                  | for the Orb.
     0 | D:1      | Reached XP level 1. HP: 10/10 MP: 3/3
   259 | D:1      | Reached skill level 3 in Stealth
   478 | D:1      | Slain by a jackal

Illustrated notes

Levels and vault maps discovered:
D:1:      dpeg_arrival_oval, layout_basic

Skill      XL: |  1 |
---------------+----+-----
Stealth        | 3 |  3.1
Fighting       | |  0.9
Dodging        | |  2.4
Spellcasting   | |  2.1
Conjurations   | |  1.0
Air Magic      | |  3.0

Action                   || total
-------------------------++-------
Melee: Unarmed           ||    20
 Cast: Shock             ||    15
Armor: Robe              ||     3
Dodge: Dodged            ||    25
Block: Other             ||     5
